 Dungeon Crawl Stone Soup version 0.32-a0-913-g739538afd8 (webtiles) character file.

Game seed: 11699931573222682294

18 shadizar the Magician (level 2, 21/21 HPs)
             Began as a Djinni Fire Elementalist on Apr 7, 2024.
             Got out of the dungeon alive.
             The game lasted 00:00:25 (251 turns).

shadizar the Magician (Djinni Fire Elementalist)     Turns: 251, Time: 00:00:25

Health: 21/21      AC:  2    Str:  7    XL:     2   Next: 85%
Gold:   27         EV: 11    Int: 16    God:
                   SH:  0    Dex: 13

rFire   + + .        (no weapon)
rCold   x . .        (no shield)
rNeg    . . .        a - +0 robe
rPois   ∞            (no helmet)
rElec   .            (no cloak)
rCorr   .            (no gloves)
SInv    .            (boots unavailable)
Will    .....        (no amulet)
Stlth   ++           (no ring)
HPRegen 0.23/turn    (no ring)

%: no passive effects
@: flying
A: sickness immunity, fire resistance 2, cold vulnerability 1, float, innate
caster, HP casting, extra vitality 1
a: no special abilities


You escaped.
You visited 1 branch of the dungeon, and saw 1 of its levels.

You collected 27 gold pieces.

Inventory:

Armour
 a - a +0 robe (worn)
Scrolls
 b - a scroll of teleportation {unknown}


   Skills:
 - Level 2.1 Dodging
 - Level 1.5 Stealth
 + Level 3.7 Spellcasting
 + Level 3.7 Conjurations
 + Level 3.7 Hexes
 + Level 3.7 Summonings
 + Level 3.7 Necromancy
 + Level 3.7 Translocations
 + Level 3.7 Fire Magic
 + Level 3.7 Ice Magic
 + Level 3.7 Air Magic
 + Level 3.7 Earth Magic
 + Level 3.7 Alchemy


You knew the following spells:

 Your Spells              Type           Power      Damage    Failure   Level
a - Foxfire               Conj/Fire      56%        2x1d6     3%          1
b - Scorch                Fire           28%        2d6       6%          2
c - Volatile Blastmotes   Fire/Tloc      28%        2d12      12%         3
d - Inner Flame           Hex/Fire       14%        N/A       12%         3
e - Flame Wave            Conj/Fire      14%        2d6       36%         4
Your spell library was empty.

Dungeon Overview and Level Annotations

Branches:
Dungeon (1/15)

Altars:


Innate Abilities, Weirdness & Mutations

You are immune to sickness and miasma.
You are immune to poison.
Your flesh is very heat resistant. (rF++)
You are vulnerable to cold. (rC-)
You float through the air rather than walking.
You learn spells naturally, not from books.
Your magical power is your life essence.
You have superior vitality. (+4 MHP)


Message History

You conjure some foxfire!
The foxfire hits the goblin.
The goblin is heavily wounded.
The foxfire hits the ball python.
You kill the ball python!
A goblin is nearby!
You conjure some foxfire!
A goblin is nearby!
You conjure some foxfire!
The foxfire hits the goblin.
You kill the goblin!
Your foxfire dissipates!
Your foxfire dissipates! x3
Your foxfire dissipates!
You now have 27 gold pieces (gained 15).
A ball python comes into view.
You conjure some foxfire!
A ball python is nearby!
You miscast Foxfire.
You are very lightly contaminated with residual magic.
Nothing appears to happen.
A ball python is nearby!
You conjure some foxfire!
The foxfire hits the ball python.
You kill the ball python!
Your foxfire dissipates!
Your foxfire dissipates!
Your foxfire dissipates!
Your magical contamination has completely faded away.
An endoplasm comes into view.
The endoplasm quivers.
You conjure some foxfire!
An endoplasm is nearby!
There is not enough space to conjure foxfire!
An endoplasm is nearby!
There is not enough space to conjure foxfire!
An endoplasm is nearby!
There is not enough space to conjure foxfire!
Your foxfire dissipates!
Your foxfire dissipates!
There is an open door here.
There is a staircase leading out of the dungeon here.
You have escaped!

### #.# ### #.# ###.#
##'####..## #. +...'..###
#. ####.@.#### . #.#
###..'...'J.### .
#.######..####'####..##
.##.....#.### #.# ###.##
.........########## ##.#
.......§..........#####..#
........###.....#.......##
......###
#.............#####
......#
##.........J...†..##.


You could see an endoplasm.

Vanquished Creatures
  A dart slug (D:1)
  An endoplasm (D:1)
  A giant cockroach (D:1)
  A goblin (D:1)
  A hobgoblin (D:1)
  A jackal (D:1)
  3 ball pythons (D:1)
  9 frilled lizards (D:1)
18 creatures vanquished.

Vanquished Creatures (others)
  64 foxfires (D:1)
64 creatures vanquished.

Grand Total: 82 creatures vanquished

Notes
Turn   | Place    | Note
-------+----------+-------------------------------------------
     0 | D:1      | shadizar the Djinni Fire Elementalist began the quest for
                  | the Orb.
     0 | D:1      | shadizar set off with the following spells memorised:
                  | Foxfire, Scorch, Volatile Blastmotes, Inner Flame, Flame
                  | Wave.
     0 | D:1      | Reached XP level 1. HP: 15/15 MP: 0/0
    48 | D:1      | Reached XP level 2. HP: 14/21 MP: 0/0
   251 | D:$      | Got out of the dungeon alive.

Illustrated notes

Levels and vault maps discovered:
D:1:      dpeg_arrival_radiant, layout_basic, kennysheep_crisscross,
          st_stairs_3, minmay_lizard_king

Action                     || total
---------------------------++-------
   Cast: Foxfire           ||    34

Table legend: (Time is in decaauts)
 A = Elapsed time spent in this place.
 B = Non-inter-level travel time spent in this place.
 C = Inter-level travel time spent in this place.
 D = Time resting spent in this place.
 E = Time spent auto-exploring this place.
 F = Levels seen in this place.
 G = Mean time per level.
                   A        B        C        D        E       F      G
               +--------+--------+--------+--------+--------+-----+--------+
         Total |    251 |    251 |      0 |      0 |    179 |   1 |  251.0 |
       Dungeon |    251 |    251 |      0 |      0 |    179 |   1 |  251.0 |
               +--------+--------+--------+--------+--------+-----+--------+

Top non-repeatable levels by time:
     D:1: 251 daAuts
